 Dungeon Crawl Stone Soup version 0.31-a0-4-gefa6de2278 (webtiles) character file.

Game seed: 5026690032802005862

429 Pimp the Ruffian (level 6, -1/51 HPs)
             Began as a Draconian Transmuter on May 4, 2023.
             Slain by a centaur
             ... wielding a +0 dagger
              (5 damage)
             ... on level 4 of the Dungeon.
             The game lasted 00:06:12 (3170 turns).

Pimp the Ruffian (Draconian Transmuter)             Turns: 3170, Time: 00:06:12

Health: -1/51      AC:  6    Str: 13    XL:     6   Next: 66%
Magic:  11/11      EV: 12    Int: 15    God:
Gold:   190        SH:  0    Dex: 11    Spells: 10/11 levels left

rFire   . . .        e - +2 hand axe (venom)
rCold   . . .        (no shield)
rNeg    . . .        (body armour unavailable)
rPois   .            (helmet restricted)
rElec   .            (no cloak)
rCorr   .            (no gloves)
SInv    .            (no boots)
Will    .....        (no amulet)
Stlth   +            (no ring)
HPRegen 0.28/turn    (no ring)
MPRegen 0.12/turn

%: no passive effects
@: no status effects
A: AC +6, unfitting armour, cold-blooded, subdued magic 1
a: no special abilities


You were on level 4 of the Dungeon.
You visited 1 branch of the dungeon, and saw 4 of its levels.

You collected 190 gold pieces.

Inventory:

Hand Weapons
 b - a +3 sling of flaming
 e - a +2 hand axe of venom (weapon)
Missiles
 c - a throwing net
Wands
 j - a wand of digging (5)
 k - a wand of iceblast (10)
Scrolls
 f - a scroll of magic mapping {unknown}
 h - a scroll of butterflies {unknown}
 i - 4 scrolls of identify
Potions
 a - 2 potions of lignification
 d - a potion of ambrosia
 g - 3 potions of curing
 l - a potion of resistance
 m - a potion of attraction {unknown}


   Skills:
 + Level 3.4 Fighting
 + Level 3.2 Dodging
 + Level 4.2 Unarmed Combat
 + Level 3.4 Spellcasting
 + Level 3.6 Transmutations


You had 10 spell levels left.
You knew the following spells:

 Your Spells              Type           Power      Damage    Failure   Level
a - Beastly Appendage     Tmut           20%        N/A       3%          1

Your spell library contained the following spells:

 Spells                   Type           Power      Damage    Failure   Level
 Wereblood                Tmut           10%        N/A       5%          2
 Spider Form              Tmut/Pois      6%         N/A       22%         3
 Portal Projectile        Hex/Tloc       2%         N/A       45%         3
 Tukima's Dance           Hex            1%         N/A       45%         3
 Ice Form                 Ice/Tmut       6%         N/A       61%         4
 Blade Hands              Tmut           5%         N/A       73%         5


Dungeon Overview and Level Annotations

Branches:
Dungeon (4/15)             Temple (0/1) D:4

Altars:

Shops:
D:1 ?   D:2 (   D:3 (


Innate Abilities, Weirdness & Mutations

Your plain brown scales are hard. (AC +6)
You cannot fit into any form of body armour.
You are cold-blooded and may be slowed by cold attacks.
Your spells are a little easier to cast, but a little less powerful.


Message History

* * * LOW HITPOINT WARNING * * *
The kobold hits you with a +0 dagger.
* * * LOW HITPOINT WARNING * * *
You feel better.
The centaur shoots an arrow.
The arrow misses you.
The centaur shoots an arrow.
The arrow completely misses you. The kobold hits you with a +0 dagger.
* * * LOW HITPOINT WARNING * * *
The kobold attacks as you move away! The kobold hits you but does no damage.
The kobold attacks as you move away! The kobold barely misses you.
The centaur unwields a +0 shortbow.
The centaur wields a +0 dagger.
The centaur barely misses you.
The centaur kicks you but does no damage.
The centaur hits you with a +0 dagger.
* * * LOW HITPOINT WARNING * * *
The centaur misses you.
You closely miss the centaur. You barely miss the kobold.
You kill the kobold!
The centaur closely misses you. The centaur barely misses you.
The centaur hits you with a +0 dagger.
* * * LOW HITPOINT WARNING * * *
The centaur closely misses you.
Unknown command.
You slash the centaur!
The centaur looks as sick as possible!
The centaur is heavily wounded.
The centaur barely misses you. The centaur kicks you.
* * * LOW HITPOINT WARNING * * *
The centaur closely misses you.
The centaur kicks you but does no damage.
Unknown command.
You barely miss the centaur.
Your tail-slap misses the centaur.
The centaur is heavily wounded.
The centaur hits you but does no damage.
The centaur kicks you but does no damage.
The centaur hits you but does no damage.
The centaur kicks you.
* * * LOW HITPOINT WARNING * * *
You hit the centaur.
The centaur looks as sick as possible!
The centaur is heavily wounded.
The centaur hits you with a +0 dagger.
You die...

####### ##### ......#
#...# ......###...#
............# ##
......###...#########..#
.......................#
.......##...##..........
..........####.#)#.#.#.#
########........@.......
#.......#c......#
#................
...###..#...>...#
.##.#...............
..#........#.......#
#...................
##.........#.#.#.#.#
#####...............


You could see a centaur (extremely poisoned).

Vanquished Creatures
  A phantom (D:4)
  2 scorpions
  A howler monkey (D:4)
  A hound (D:4)
  A sleepcap (D:2)
  An iguana (D:4)
  2 adders
  A gnoll (D:4)
  2 worms (D:4)
  2 dart slugs
  An orc (D:3)
  4 bats
  8 endoplasms
  2 giant cockroaches
  14 goblins
  8 hobgoblins
  5 quokkas
  3 ball pythons
  6 frilled lizards
  7 kobolds
  7 rats
79 creatures vanquished.

Notes
Turn   | Place    | Note
-------+----------+-------------------------------------------
     0 | D:1      | Pimp the Draconian Transmuter began the quest for the Orb.
     0 | D:1      | Reached XP level 1. HP: 16/16 MP: 3/3
   154 | D:1      | Reached XP level 2. HP: 17/23 MP: 5/5
   242 | D:1      | Found Joeptaank's Magic Scroll Boutique.
   415 | D:1      | Reached XP level 3. HP: 29/29 MP: 6/6
   762 | D:2      | Found Heakhleqa's Antique Weapon Emporium.
  1197 | D:2      | Found a faded altar of an unknown god.
  1345 | D:2      | Reached XP level 4. HP: 23/36 MP: 7/7
  1851 | D:3      | Noticed a scorpion
  1859 | D:3      | Killed a scorpion
  1860 | D:3      | Reached XP level 5. HP: 26/42 MP: 7/9
  2391 | D:3      | Found Paguen's Weapon Shoppe.
  2407 | D:3      | Gained mutation: Your spells are a little easier to cast,
                  | but a little less powerful. [potion of mutation]
  2445 | D:4      | Noticed a phantom
  2479 | D:4      | Killed a phantom
  2480 | D:4      | Reached skill level 4 in Unarmed Combat
  2480 | D:4      | Reached XP level 6. HP: 19/51 MP: 10/10
  2516 | D:4      | Identified the +1 leather armour of the Lost Path {rCorr}
  3157 | D:4      | Found a staircase to the Ecumenical Temple.
  3170 | D:4      | Slain by a centaur

Illustrated notes

Levels and vault maps discovered:
D:1:      minmay_arrival_open_corners, layout_loops_ring, serial_shops,
          nicolae_shop_real_fake_doors
D:2:      layout_basic, hellmonk_ecumenical_altar_arch_garden, serial_shops,
          nicolae_shop_rolling_square, nicolae_titane
D:3:      layout_basic, serial_shops, shop, minivault_24, uniq_natasha
D:4:      layout_rooms, minmay_temple_entry_glass, serial_glass,
          glass_columns_c, glass_columns_c, nicolae_zen_rock_garden,
          glass_columns_a, minmay_between

Skill      XL: |  1  2  3  4  5 |
---------------+----------------+-----
Dodging        | 2 3 |  3.2
Fighting       | 2 3 |  3.4
Transmutations | 3 |  3.6
Unarmed Combat | 4 |  4.2
Spellcasting   | 3 |  3.4

Action                     |  1- 3 |  4- 6 || total
---------------------------+-------+-------++-------
  Melee: Hand axe          |    37 |    73 ||   110
         Tailslap          |     3 |     9 ||    12
         Punch             |       |     1 ||     1
   Fire: Sling             |    44 |    70 ||   114
    Use: Scroll            |     3 |     5 ||     8
         Potion            |       |     6 ||     6
 Armour: Skin              |    13 |    40 ||    53
  Dodge: Dodged            |    30 |    68 ||    98

Table legend: (Time is in decaauts)
 A = Elapsed time spent in this place.
 B = Non-inter-level travel time spent in this place.
 C = Inter-level travel time spent in this place.
 D = Time resting spent in this place.
 E = Time spent auto-exploring this place.
 F = Levels seen in this place.
 G = Mean time per level.
                   A        B        C        D        E       F      G
               +--------+--------+--------+--------+--------+-----+--------+
         Total |   3254 |   3146 |    108 |    557 |   1998 |   4 |  813.5 |
       Dungeon |   3254 |   3146 |    108 |    557 |   1998 |   4 |  813.5 |
               +--------+--------+--------+--------+--------+-----+--------+

Top non-repeatable levels by time:
     D:3: 1002 daAuts
     D:2: 945 daAuts
     D:1: 766 daAuts
     D:4: 540 daAuts
